[Event "Opocensky Memorial 2019"]
[Site "Prague"]
[Date "2019.06.27"]
[Round "7.4"]
[White "Neuman, Petr"]
[Black "Pulpan, Jakub"]
[Result "0-1"]
[ECO "E18"]
[WhiteElo "2395"]
[BlackElo "2414"]
[Annotator "NA"]
[PlyCount "142"]
[EventDate "2019.06.22"]
[EventType "tourn"]
[EventCountry "CZE"]
[SourceTitle "playchess.com"]
[Source "ChessBase"]
[SourceQuality "1"]
[TimeControl "5400+30"]

1. c4 e6 2. g3 d5 3. Bg2 Nf6 4. Nf3 Be7 5. O-O O-O 6. d4 dxc4 7. Qc2 b6 8. Qxc4 Bb7 9. Nc3 Nbd7 10. Rd1 a6 11. Bf4 Bd6 12. Bg5 h6 13. Bxf6 Nxf6 14. Ne5 b5 15. Qd3 Bxg2 16. Kxg2 c5 17. Ne4 c4 18. Qf3 Nxe4 19. Qxe4 Qc7 20. Nf3 Rac8 21. Rac1 Qa5 22. a3 c3 23. Rxc3 Rxc3 24. bxc3 Qxc3 25. Rd3 Qc2 26. Qb7 Qxe2 27. Rc3 Qb2 28. Rc6 Bxa3 29. Rxa6 b4 30. Rb6 Qb3 31. Ne5 Qc3 32. Nc6 Qc4 33. Nxb4 Qxd4 34. Nc2 Qd3 35. Nxa3 Qxa3 36. h4 h5 37. Rb5 g6 38. Qf3 Qc1 39. Rb7 Kg7 40. Kh2 Qa1 41. Qe2 Qd4 42. Qb2 Rd8 43. Qxd4+ Rxd4 44. Kg2 Rd3 45. Ra7 Kf6 46. Rb7 e5 47. Rb6+ Kf5 48. Rb7 f6 49. Rb6 Ra3 50. Rc6 Ra4 51. Rb6 g5 52. hxg5 Kxg5 53. Rb8 h4 54. gxh4+ Rxh4 55. Rb6 Rg4+ 56. Kf1 Ra4 57. Kg2 f5 58. Rb5 e4 59. Rc5 Ra2 60. Kg3 Ra3+ 61. Kg2 Kg4 62. Rc4 Ra2 63. Rb4 Re2 64. Rb3 f4 65. Kf1 Rd2 66. Ke1 Ra2 67. Rc3 Ra1+ 68. Kd2 e3+ 69. fxe3 f3 70. Rc4+ Kg3 71. Rf4 f2 0-1

[Event "Opocensky Memorial 2019"]
[Site "Prague"]
[Date "2019.06.27"]
[Round "7.5"]
[White "Sergeev, Vladimir"]
[Black "Sahidi, Samir"]
[Result "1/2-1/2"]
[ECO "A25"]
[WhiteElo "2411"]
[BlackElo "2380"]
[Annotator "NA"]
[PlyCount "88"]
[EventDate "2019.06.22"]
[EventType "tourn"]
[EventCountry "CZE"]
[SourceTitle "playchess.com"]
[Source "ChessBase"]
[SourceQuality "1"]
[TimeControl "5400+30"]

1. c4 Nf6 2. Nc3 e5 3. g3 Nc6 4. Bg2 Bb4 5. Na4 Be7 6. a3 d5 7. cxd5 Nxd5 8. d3 O-O 9. Nf3 Be6 10. O-O b6 11. Bd2 Qd7 12. Rc1 Rad8 13. b4 Bf6 14. Nc3 Nxc3 15. Bxc3 Nd4 16. Nxd4 exd4 17. Bd2 Be5 18. Bc6 Qe7 19. f4 Bf6 20. Qc2 Bd5 21. Rfe1 h5 22. Bxd5 Rxd5 23. Qxc7 Qe6 24. Qc6 Qf5 25. Kh1 Rfd8 26. Rg1 Kh7 27. Rg2 g6 28. Qa4 R8d7 29. Qd1 R5d6 30. Qb3 Re6 31. b5 Qg4 32. Qd1 Bg7 33. a4 Rde7 34. Bb4 Re8 35. Rc2 Re3 36. Qf1 Qe6 37. Bd2 Rxe2 38. Rxe2 Qxe2 39. Qxe2 Rxe2 40. Kg1 Bf8 41. Kf1 Rxh2 42. Kg1 Re2 43. Kf1 Rh2 44. Kg1 Re2 1/2-1/2

[Event "Opocensky Memorial 2019"]
[Site "Prague"]
[Date "2019.06.28"]
[Round "8.1"]
[White "Sokolov, Alexander"]
[Black "Sahidi, Samir"]
[Result "0-1"]
[ECO "C37"]
[WhiteElo "2382"]
[BlackElo "2380"]
[Annotator "NA"]
[PlyCount "48"]
[EventDate "2019.06.22"]
[EventType "tourn"]
[EventCountry "CZE"]
[SourceTitle "playchess.com"]
[Source "ChessBase"]
[SourceQuality "1"]
[TimeControl "5400+30"]

1. e4 e5 2. f4 exf4 3. Nf3 g5 4. Bc4 g4 5. O-O gxf3 6. Qxf3 Qf6 7. e5 Qxe5 8. d3 Bh6 9. Bd2 Ne7 10. Bc3 Qc5+ 11. Kh1 Rg8 12. Nd2 d5 13. Qh5 Rg6 14. Rae1 Kf8 15. Nb3 Qd6 16. Be5 Qd8 17. Bxf4 Bxf4 18. Rxf4 dxc4 19. Nd4 Qd5 20. Qe2 Nbc6 21. dxc4 Qd6 22. Qf2 f5 23. Qe3 Qf6 24. Nb5 Bd7 0-1

[Event "Opocensky Memorial 2019"]
[Site "Prague"]
[Date "2019.06.28"]
[Round "8.2"]
[White "Pulpan, Jakub"]
[Black "Sergeev, Vladimir"]
[Result "1/2-1/2"]
[ECO "B04"]
[WhiteElo "2414"]
[BlackElo "2411"]
[Annotator "NA"]
[PlyCount "124"]
[EventDate "2019.06.22"]
[EventType "tourn"]
[EventCountry "CZE"]
[SourceTitle "playchess.com"]
[Source "ChessBase"]
[SourceQuality "1"]
[TimeControl "5400+30"]

1. e4 Nf6 2. e5 Nd5 3. d4 c6 4. Nf3 d6 5. c4 Nc7 6. exd6 exd6 7. Nc3 Be7 8. h3 d5 9. Bf4 Bd6 10. Bg5 Be7 11. Bf4 Bd6 12. Qd2 Qe7+ 13. Be3 O-O 14. Be2 dxc4 15. Bxc4 Be6 16. Bd3 Nd7 17. O-O Rfe8 18. Ng5 Nf6 19. Rae1 Bd5 20. Bf4 Bxf4 21. Qxf4 Qd7 22. Re3 h6 23. Nf3 Ne6 24. Qg3 Bxf3 25. Rxf3 Qd8 26. Rd1 Nxd4 27. Re3 Qa5 28. Bc4 Nf5 29. Rxe8+ Rxe8 30. Qd3 Qe5 31. Rd2 g6 32. g3 Kg7 33. Kg2 h5 34. Re2 Qd6 35. Rxe8 Nxe8 36. Qe2 Nf6 37. Bd3 Nd4 38. Qe3 b5 39. b3 a6 40. Ne2 Qd5+ 41. Kg1 Nf3+ 42. Kf1 Ne5 43. Nf4 Qh1+ 44. Ke2 Nxd3 45. Qxd3 Qa1 46. Qc2 Qe5+ 47. Kf1 c5 48. Nd3 Qe4 49. Qc3 b4 50. Qc2 Nd5 51. Kg1 Nc3 52. Qd2 Qd4 53. Qc2 a5 54. h4 Qe4 55. Qd2 c4 56. Nf4 cxb3 57. axb3 Nb5 58. Nxh5+ gxh5 59. Qg5+ Kf8 60. Qxb5 Qb1+ 61. Kh2 Qxb3 62. Qxa5 Qb2 1/2-1/2

[Event "Opocensky Memorial 2019"]
[Site "Prague"]
[Date "2019.06.28"]
[Round "8.3"]
[White "Plischki, Sebastian"]
[Black "Neuman, Petr"]
[Result "1/2-1/2"]
[ECO "D94"]
[WhiteElo "2420"]
[BlackElo "2395"]
[Annotator "NA"]
[PlyCount "22"]
[EventDate "2019.06.22"]
[EventType "tourn"]
[EventCountry "CZE"]
[SourceTitle "playchess.com"]
[Source "ChessBase"]
[SourceQuality "1"]
[TimeControl "5400+30"]

1. d4 d5 2. c4 c6 3. Nf3 Nf6 4. e3 g6 5. Nc3 Bg7 6. Be2 O-O 7. O-O dxc4 8. Bxc4 Bg4 9. Be2 Nbd7 10. e4 Bxf3 11. Bxf3 e5 1/2-1/2

[Event "Opocensky Memorial 2019"]
[Site "Prague"]
[Date "2019.06.28"]
[Round "8.5"]
[White "Ivanov, Mikhail M"]
[Black "Kourousis, Epaminondas"]
[Result "1/2-1/2"]
[ECO "B14"]
[WhiteElo "2366"]
[BlackElo "2394"]
[Annotator "NA"]
[PlyCount "20"]
[EventDate "2019.06.22"]
[EventType "tourn"]
[EventCountry "CZE"]
[SourceTitle "playchess.com"]
[Source "ChessBase"]
[SourceQuality "1"]
[TimeControl "5400+30"]

1. d4 Nf6 2. c4 e6 3. Nc3 Bb4 4. Bd2 c5 5. e3 cxd4 6. exd4 d5 7. Nf3 O-O 8. h3 Nc6 9. cxd5 Nxd5 10. Bd3 Nf6 1/2-1/2

[Event "Opocensky Memorial 2019"]
[Site "Prague"]
[Date "2019.06.29"]
[Round "9.1"]
[White "Kourousis, Epaminondas"]
[Black "Sokolov, Alexander"]
[Result "1-0"]
[ECO "B07"]
[WhiteElo "2394"]
[BlackElo "2382"]
[Annotator "RC"]
[PlyCount "87"]
[EventDate "2019.06.22"]
[EventType "tourn"]
[EventCountry "CZE"]
[SourceTitle "playchess.com"]
[Source "ChessBase"]
[SourceQuality "1"]
[TimeControl "5400+30"]

1. Nf3 Nf6 2. d4 g6 3. Nbd2 Bg7 4. e4 d6 5. Bd3 O-O 6. O-O Nbd7 7. Re1 e5 8. c3 Re8 9. h3 c6 10. Nf1 Qc7 11. Ng3 Nf8 12. a4 a5 13. Be3 h6 14. Qd2 Kh7 15. Rad1 Bd7 16. Bc2 Ne6 17. Nh2 Rad8 18. dxe5 dxe5 19. Qd6 Qxd6 20. Rxd6 Bf8 21. Rd2 Bc5 22. Ngf1 Bxe3 23. Nxe3 Nc5 24. Red1 Re7 25. f3 Ra8 26. Nc4 Be6 27. Nxe5 Bb3 28. Bxb3 Nxb3 29. Rd6 Ne8 30. Rd7 Rxe5 31. Ng4 Rh5 32. Rxf7+ Kg8 33. Rxb7 Nc5 34. Rb6 Rc8 35. Ra1 Kf7 36. b4 Nd7 37. Ra6 Nd6 38. Ra7 Ke6 39. Rd1 Ne5 40. f4 Nec4 41. e5 axb4 42. exd6 bxc3 43. Re7+ Kf5 44. Rd4 1-0